 Dungeon Crawl Stone Soup version 0.23.1 (webtiles) character file.

Game seed: 17832186324300138412

228 dengdeng the Skirmisher (level 5, 0/48 HPs)
             Began as a Minotaur Berserker on Mar 2, 2019.
             Was a Believer of Trog.
             Slain by a quasit (1 damage)
             ... summoned by Eustachio
             ... on level 4 of the Dungeon.
             The game lasted 00:08:22 (2249 turns).

dengdeng the Skirmisher (Minotaur Berserker)        Turns: 2249, Time: 00:08:23

Health: 0/48       AC: 10    Str: 22    XL:     5   Next: 71%
Magic:  4/4        EV: 12    Int:  4    God:    Trog [**....]
Gold:   155        SH:  0    Dex: 10    Spells: 4/4 levels left

rFire    . . .     SeeInvis .   i - -3 hand axe (curse)
rCold    . . .     Gourm    .   (no shield)
rNeg     . . .     Faith    .   j - +1 chain mail
rPois    +         Spirit   .   (helmet restricted)
rElec    .         Reflect  .   (no cloak)
rCorr    .         Harm     .   (no gloves)
MR       .....                  (no boots)
Stlth    ..........             (no amulet)
HPRegen  0.16/turn              f - +3 ring of evasion
MPRegen  0.09/turn              g - ring of poison resistance

@: berserk cooldown, slowed, very slow
A: retaliatory headbutt, horns 2
a: Berserk, Trog's Hand, Renounce Religion


You were on level 4 of the Dungeon.
You worshipped Trog.
Trog was pleased with you.
You were very hungry.

You visited 1 branch of the dungeon, and saw 4 of its levels.

You collected 155 gold pieces.

Inventory:

Hand Weapons
 a - a +0 hand axe
 i - a cursed -3 hand axe (weapon)
Missiles
 e - 187 stones (quivered)
 l - 7 tomahawks
Armour
 j - a +1 chain mail (worn)
Jewellery
 f - a +3 ring of evasion (left hand)
 g - a ring of poison resistance (right hand)
Wands
 m - a wand of paralysis (11)
Scrolls
 h - 2 scrolls of teleportation
Potions
 d - a potion of haste
 k - a potion of curing
Comestibles
 b - 3 chunks of flesh
 c - 7 rations


   Skills:
 * Level 5.5 Fighting
 + Level 5.0 Axes
 * Level 3.9 Armour
 + Level 2.9 Dodging
 + Level 0.8 Stealth


You had 4 spell levels left.
You didn't know any spells.
Your spell library was empty.

Dungeon Overview and Level Annotations

Branches:
Dungeon (4/15)
 Temple: D:4-7

Altars:
Gozag
Xom

Annotations:
D:4 Eustachio


Innate Abilities, Weirdness & Mutations

You reflexively headbutt those who attack you in melee.
You have a pair of horns on your head.


Message History

The white imp closely misses you.
Your chain mail prevents you from hitting the crimson imp.
Your headbutt misses the crimson imp. You hit the white imp.
You kill the white imp!
Your chain mail prevents you from hitting the white imp.
The bat hits you but does no damage.
Eustachio casts a spell.
The crimson imp hits you but does no damage.
The white imp barely misses you.
You miss the crimson imp. Your headbutt misses the crimson imp.
You hit the white imp but do no damage.
The white imp disappears in a puff of smoke!
The crimson imp disappears in a puff of smoke!
The bat closely misses you. The bat hits you.
* * * LOW HITPOINT WARNING * * *
Eustachio hits you but does no damage. The quasit barely misses you.
You furiously retaliate!
You headbutt the quasit!
The quasit claws you but does no damage.
The quasit claws you.
You die...

... .# ##.## . ..##.
#...#### # ..
..#.###......#.#. ...
#....#..........
#...#..........#....
....................
..................#
.........8.8%.#####
......$b§@5..##.###
.......858@8......# .
.#........5r...##.....
#.##....8.....# ..
...............## .#
................#..#[.
...........##........
...........##........
./......#.........


You could see Eustachio, an iron imp, a quasit, a river rat, an ufetubus and a
bat.

Vanquished Creatures
  A centaur (D:3)
  A centaur skeleton (D:4)
  5 adders
  A worm (D:4)
  3 dart slugs
  4 leopard geckos
  5 orcs (D:3)
  A ball python (D:3)
  12 bats
  6 giant cockroaches
  4 goblins
  4 hobgoblins
  2 jackals (D:1)
  5 kobolds
  2 quokkas
  A frilled lizard (D:2)
  3 rats
60 creatures vanquished.

Notes
Turn   | Place    | Note
-------+----------+-------------------------------------------
     0 | D:1      | dengdeng the Minotaur Berserker began the quest for the
                  | Orb.
     0 | D:1      | Reached XP level 1. HP: 19/19 MP: 0/0
   107 | D:1      | Reached XP level 2. HP: 26/27 MP: 1/1
   697 | D:2      | Reached XP level 3. HP: 34/34 MP: 2/2
   703 | D:2      | Found a shimmering altar of Xom.
  1148 | D:2      | Reached ** piety under Trog
  1186 | D:2      | Reached XP level 4. HP: 35/41 MP: 3/3
  1409 | D:3      | Reached skill level 5 in Fighting
  1750 | D:3      | Found an opulent altar of Gozag.
  1894 | D:3      | Noticed a centaur
  1910 | D:3      | Killed a centaur
  1910 | D:3      | Reached XP level 5. HP: 13/48 MP: 4/4
  2208 | D:4      | Noticed Eustachio
  2220 | D:4      | Reached skill level 5 in Axes
  2246 | D:4      | HP: 1/48 [white imp/puff of frost[Eustachio] (4)]
  2249 | D:4      | Slain by a quasit

Skill      XL: |  1  2  3  4  5 |
---------------+----------------+-----
Fighting       | 4 5 |  5.5
Axes           | 4 5 |  5.0
Armour         | 3 |  3.9
Dodging        | |  2.9
Stealth        | |  0.8

Action                   |  1- 3 |  4- 6 || total
-------------------------+-------+-------++-------
Melee: Hand axe          |    48 |   103 ||   151
       Headbutt          |    13 |    23 ||    36
Invok: Berserk           |       |     1 ||     1
  Use: Scroll            |     3 |     3 ||     6
 Stab: Sleeping          |     1 |       ||     1
  Eat: Chunk             |     1 |     3 ||     4
Armor: Animal skin       |     6 |       ||     6
       Ring mail         |     7 |       ||     7
       Chain mail        |       |    53 ||    53
Dodge: Dodged            |    47 |    76 ||   123
